Construct Infanterie Kompanie
Infanterie Officer Quarters
Construct Luftwaffe Kompanie
Luftwaffe Officer Quarters
Construct Panzer Kompanie
Selects Mechanized Battlegroup
Selects 8 Rad Armored Car
Selects UNKNOWN (2160084)
Selects Wespe Self-propelled Artillery
Wespe Self-propelled Artillery
Flak 30 Anti-aircraft Gun Team
Selects Zeroing Artillery Barrage
Zeroing Artillery Barrage
Wespe Self-propelled Artillery
Zeroing Artillery Barrage